Map: Goldenaura LE

Players

Raon

  • Race: Terran Terran
  • League: Diamond
  • Spawn Location: 12:00

Subwayeatn - Winner!

  • Race: Zerg Zerg
  • League: Diamond
  • Spawn Location: 5:00

VOD

Have the link to the VOD?

Description

Time

  • Played on: Nov. 16, 2023, 10:55 a.m.
  • Length: 4:58
Show
View Real Time Build Order
Export as new Build Order

Raon Terran 

Build Orders:  

Get SALT Encoding   

  12  0:00  SCV  
  13  0:12  SCV  
  14  0:27  SCV  
  15  0:29  Supply Depot  
  15  0:32  Refinery  
  15  0:51  SCV  
  15  0:54  Barracks  
  16  1:02  Refinery  
  16  1:03  SCV  
  17  1:15  SCV  
  17  1:17  Supply Depot  
  18  1:27  SCV  
  19  1:44  Factory  
  19  1:45  Barracks Tech Lab  
  19  1:47  SCV  
  20  2:03  Marine  
  21  2:16  SCV  
  21  2:18  Command Center  
  21  2:20  Marine  
  23  2:32  Hellion  
  25  2:40  Engineering Bay  
  25  3:05  Hellion  
  19  3:49  Hellion  
  19  3:50  Marine  
  19  3:53  Orbital Command  
  22  4:10  SCV  
  22  4:12  Refinery  
  23  4:22  SCV  
  23  4:23  Siege Tank  
  27  4:29  Refinery  
  27  4:30  Barracks Reactor  
  27  4:34  SCV  
Show
View Real Time Build Order
Export as new Build Order

Subwayeatn Zerg - Winner!

Build Orders: Pool First, Zergling Baneling 

Get SALT Encoding   

  12  0:00  Drone  
  13  0:10  Drone  
  13  0:13  Extractor  
  13  0:31  Spawning Pool  
  12  0:59  Hatchery  
  11  1:19  Queen  
  13  1:26  Metabolic Boost  
  13  1:36  Overlord  
  13  1:41  Zergling x2  
  14  1:55  Zergling x2  
  14  1:56  Zergling x2  
  14  1:59  Zergling x2  
  17  2:12  Drone  
  19  2:15  Zergling x2  
  19  2:17  Queen  
  21  2:25  Zergling x2  
  22  2:36  Drone  
  22  2:37  Drone  
  24  2:40  Drone  
  25  2:47  Overlord  
  25  3:04  Baneling Nest  
  23  3:28  Zergling x8  
  22  3:50  Zergling x2  
  22  3:51  Zergling x10  
  28  3:57  Overlord  
  28  4:01  Baneling  
  28  4:02  Baneling x4  
  28  4:04  Baneling  
  28  4:07  Baneling  
  28  4:10  Baneling  
  28  4:17  Zergling x2  
  29  4:23  Zergling x4  
Tags
 
Add a new tag
Caveats
  • Supply blocks, unpowered buildings, or Contaminate may cause inaccurate times.
  • Supply counts are checked every 10 seconds.